General information
- name: BNet
- type: Ladder team game (AT/RT)
- host: Battle.net
- saver: iNT]DOGANDHORSE
map: CopperCanyon
- players: 6
- length: 27:03
- speed: Fast
- version: 1.26 W3XP
- replay type:

» download(187 KB)
Players
team 1 (winner)
Cuanto_Cuesta (
orange | 82 APM | 2204 actions | 27:02)
4 Warden
2 Shadow Strike
2 Blink
» actions
| Assign group hotkey | 4 | |
| Basic commands | 29 | |
| Build / train | 58 | |
| ESC pressed | 2 | |
| Enter build submenu | 31 | |
| Enter hero's abilities submenu | 4 | |
| Give item / drop item | 7 | |
| Remove unit from queue | 1 | |
| Right click | 1365 | |
| Select / deselect | 153 | |
| Select group hotkey | 225 | |
| Use ability | 321 | |
2204 total
» units
» upgrades
| Well Spring | 1 | |
| Ultravision | 2 | |
| Strength of the Wild | 3 | |
| Nature's Blessing | 1 | |
| Reinforced Hides | 1 | |
| Corrosive Breath | 1 | |
9 total
» buildings
| Altar of Elders | 1 | |
| Moon Well | 21 | |
| Tree of Ages | 1 | |
| Tree of Life | 2 | |
| Tree of Eternity | 3 | |
| Ancient of Wonders | 1 | |
| Hunter's Hall | 1 | |
| Ancient of Wind | 1 | |
| Chimaera Roost | 2 | |
33 total
» build order
00:06 Altar of Elders
00:12 Moon Well
01:23 Moon Well
05:38 Moon Well
05:39 Moon Well
05:40 Moon Well
06:02 Tree of Ages
07:06 Tree of Life
08:26 Tree of Eternity
08:26 Tree of Eternity
08:59 Moon Well
10:31 Ancient of Wonders
10:33 Hunter's Hall
11:19 Moon Well
11:19 Moon Well
12:30 Ancient of Wind
14:07 Chimaera Roost
14:07 Chimaera Roost
15:06 Moon Well
15:06 Moon Well
15:07 Moon Well
16:06 Tree of Life
22:45 Moon Well
22:47 Moon Well
22:48 Moon Well
22:57 Moon Well
22:58 Moon Well
23:21 Moon Well
23:22 Moon Well
23:23 Moon Well
24:15 Moon Well
24:28 Moon Well
» items
| Staff of Teleportation | 1 | |
| Boots of Speed | 1 | |
| Potion of Invisibility | 1 | |
| Lesser Clarity Potion | 1 | |
| Orb of Venom | 1 | |
| Healing Salve | 1 | |
6 total
iNT]DOGANDHORSE (
red | 117 APM | 3162 actions | 27:03)
5 Blademaster
2 Wind Walk
3 Critical Strike
» actions
| Assign group hotkey | 10 | |
| Basic commands | 5 | |
| Build / train | 59 | |
| Enter build submenu | 58 | |
| Enter hero's abilities submenu | 5 | |
| Give item / drop item | 2 | |
| Right click | 2223 | |
| Select / deselect | 322 | |
| Select group hotkey | 321 | |
| Use ability | 151 | |
3162 total
» units
» upgrades
| Ranged Weapons | 3 | |
| Liquid Fire | 1 | |
| Reinforced Defenses | 1 | |
| Armor | 2 | |
| Troll Regeneration | 1 | |
8 total
» buildings
| Altar of Storms | 1 | |
| Orc Burrow | 4 | |
| War Mill | 1 | |
| Watch Tower | 42 | |
| Voodoo Lounge | 3 | |
| Stronghold | 1 | |
| Beastiary | 2 | |
| Fortress | 1 | |
| Great Hall | 3 | |
| Barracks | 1 | |
59 total
» build order
00:15 Altar of Storms
00:18 Orc Burrow
00:36 War Mill
01:49 Watch Tower
01:57 Voodoo Lounge
02:04 Watch Tower
02:52 Stronghold
02:59 Watch Tower
03:13 Watch Tower
03:38 Orc Burrow
04:04 Watch Tower
04:19 Watch Tower
04:48 Watch Tower
05:14 Beastiary
05:22 Beastiary
06:07 Watch Tower
06:08 Watch Tower
06:12 Orc Burrow
06:42 Watch Tower
07:36 Voodoo Lounge
07:39 Voodoo Lounge
08:17 Watch Tower
08:29 Watch Tower
09:05 Orc Burrow
09:28 Watch Tower
10:46 Fortress
11:11 Great Hall
11:19 Watch Tower
11:34 Watch Tower
11:39 Watch Tower
12:29 Watch Tower
12:30 Watch Tower
12:31 Watch Tower
12:31 Watch Tower
14:39 Watch Tower
14:40 Watch Tower
14:40 Watch Tower
14:44 Watch Tower
16:03 Great Hall
18:53 Watch Tower
18:53 Watch Tower
18:54 Watch Tower
18:57 Watch Tower
18:57 Watch Tower
18:59 Watch Tower
18:59 Watch Tower
19:00 Watch Tower
19:07 Barracks
23:45 Watch Tower
23:46 Watch Tower
23:46 Watch Tower
23:47 Watch Tower
23:47 Watch Tower
23:48 Watch Tower
26:05 Great Hall
26:07 Watch Tower
26:08 Watch Tower
26:09 Watch Tower
26:09 Watch Tower
» items
| Healing Salve | 3 | |
| Lesser Clarity Potion | 6 | |
| Boots of Speed | 1 | |
| Staff of Teleportation | 1 | |
| Orb of Lightning | 1 | |
| Scroll of Town Portal | 1 | |
13 total
reptillions (
blue | 103 APM | 2783 actions | 27:02)
4 Archmage
2 Blizzard
2 Brilliance Aura
3 Blood Mage
2 Flame Strike
1 Siphon Mana
» actions
| Assign group hotkey | 415 | |
| Basic commands | 11 | |
| Build / train | 119 | |
| Enter build submenu | 112 | |
| Enter hero's abilities submenu | 7 | |
| Give item / drop item | 7 | |
| Remove unit from queue | 1 | |
| Right click | 1138 | |
| Select / deselect | 355 | |
| Select group hotkey | 398 | |
| Use ability | 218 | |
2783 total
» units
» upgrades
| Masonry | 3 | |
| Magic Sentry | 1 | |
| Lumber Harvesting | 2 | |
| Sorceress Training | 2 | |
8 total
» buildings
| Altar of Kings | 1 | |
| Farm | 4 | |
| Scout Tower | 113 | |
| Arcane Tower | 8 | |
| Lumber Mill | 1 | |
| Arcane Vault | 5 | |
| Guard Tower | 57 | |
| Keep | 1 | |
| Arcane Sanctum | 1 | |
| Castle | 1 | |
| Town Hall | 1 | |
193 total
» build order
00:04 Altar of Kings
00:28 Farm
00:55 Scout Tower
01:02 Farm
01:14 Scout Tower
01:15 Scout Tower
01:19 Scout Tower
01:21 Arcane Tower
01:21 Arcane Tower
01:22 Arcane Tower
01:35 Lumber Mill
01:50 Scout Tower
01:53 Arcane Tower
02:01 Arcane Tower
02:08 Scout Tower
02:09 Arcane Tower
02:14 Arcane Vault
02:23 Scout Tower
02:54 Guard Tower
02:56 Scout Tower
03:11 Guard Tower
03:13 Scout Tower
03:14 Scout Tower
03:15 Scout Tower
03:29 Scout Tower
03:30 Scout Tower
03:40 Scout Tower
03:41 Scout Tower
03:42 Guard Tower
03:47 Keep
03:54 Guard Tower
04:09 Guard Tower
04:10 Scout Tower
04:16 Guard Tower
04:17 Guard Tower
04:18 Scout Tower
04:32 Guard Tower
04:38 Guard Tower
04:40 Scout Tower
04:42 Scout Tower
04:46 Guard Tower
05:17 Guard Tower
05:19 Scout Tower
05:21 Scout Tower
05:36 Guard Tower
05:41 Scout Tower
05:42 Scout Tower
05:51 Guard Tower
05:52 Scout Tower
05:53 Scout Tower
06:00 Arcane Vault
06:17 Scout Tower
06:38 Guard Tower
06:39 Scout Tower
06:40 Scout Tower
06:43 Scout Tower
06:49 Arcane Sanctum
06:50 Castle
07:06 Guard Tower
07:07 Scout Tower
07:08 Scout Tower
07:11 Farm
07:35 Guard Tower
07:46 Scout Tower
07:47 Scout Tower
08:19 Guard Tower
08:23 Scout Tower
08:24 Scout Tower
08:29 Scout Tower
08:30 Scout Tower
08:35 Scout Tower
08:38 Farm
08:44 Guard Tower
08:59 Arcane Tower
09:03 Guard Tower
09:06 Scout Tower
09:08 Guard Tower
09:09 Scout Tower
09:20 Arcane Vault
09:40 Guard Tower
09:43 Arcane Vault
11:22 Scout Tower
11:23 Guard Tower
11:25 Scout Tower
11:28 Scout Tower
11:30 Guard Tower
11:33 Scout Tower
11:34 Scout Tower
12:08 Guard Tower
12:14 Guard Tower
12:28 Guard Tower
12:36 Scout Tower
12:37 Scout Tower
12:49 Guard Tower
12:54 Scout Tower
12:56 Scout Tower
13:36 Guard Tower
13:50 Scout Tower
13:51 Scout Tower
13:52 Guard Tower
13:55 Scout Tower
13:56 Scout Tower
14:28 Town Hall
14:34 Scout Tower
14:35 Scout Tower
15:05 Guard Tower
15:06 Guard Tower
15:29 Scout Tower
15:30 Scout Tower
15:30 Scout Tower
15:31 Guard Tower
15:52 Guard Tower
15:54 Scout Tower
15:56 Scout Tower
16:02 Scout Tower
16:02 Scout Tower
16:03 Scout Tower
16:10 Scout Tower
17:13 Guard Tower
17:36 Scout Tower
17:37 Scout Tower
17:38 Scout Tower
17:52 Guard Tower
18:00 Guard Tower
18:03 Arcane Vault
18:04 Scout Tower
18:05 Scout Tower
18:26 Scout Tower
18:27 Scout Tower
18:38 Guard Tower
18:41 Scout Tower
18:42 Scout Tower
18:43 Scout Tower
19:11 Scout Tower
19:12 Scout Tower
19:13 Scout Tower
19:13 Scout Tower
19:15 Scout Tower
19:47 Guard Tower
19:51 Guard Tower
20:26 Guard Tower
20:30 Scout Tower
20:30 Scout Tower
20:37 Scout Tower
20:38 Scout Tower
20:39 Scout Tower
20:40 Scout Tower
20:44 Scout Tower
20:46 Scout Tower
20:47 Scout Tower
20:48 Scout Tower
20:50 Scout Tower
20:51 Scout Tower
20:52 Scout Tower
21:16 Guard Tower
21:23 Guard Tower
21:25 Scout Tower
21:25 Scout Tower
21:29 Guard Tower
21:34 Guard Tower
21:49 Scout Tower
21:50 Scout Tower
22:31 Guard Tower
22:34 Scout Tower
22:34 Scout Tower
22:35 Scout Tower
22:36 Scout Tower
22:36 Scout Tower
22:37 Scout Tower
23:35 Guard Tower
24:04 Guard Tower
24:07 Scout Tower
24:23 Guard Tower
24:27 Scout Tower
24:30 Guard Tower
24:33 Scout Tower
24:34 Scout Tower
24:37 Guard Tower
24:41 Scout Tower
24:41 Scout Tower
24:43 Scout Tower
24:47 Scout Tower
24:58 Scout Tower
24:58 Scout Tower
25:14 Guard Tower
25:34 Guard Tower
25:36 Guard Tower
25:36 Guard Tower
25:36 Guard Tower
26:00 Guard Tower
26:24 Scout Tower
» items
| Staff of Sanctuary | 2 | |
| Scroll of Town Portal | 3 | |
| Circlet of Nobility | 1 | |
| Boots of Speed | 1 | |
| Scroll of Regeneration | 1 | |
| Orb of Lightning | 2 | |
| Staff of Teleportation | 2 | |
12 total
team 2 (loser)
FeL_Rap3R. (
teal | 53 APM | 1413 actions | 26:42)
3 Death Knight
2 Death Coil
1 Unholy Aura
2 Dark Ranger
1 Black Arrow
1 Silence
1 Beastmaster
1 Summon Hawk
» actions
| Assign group hotkey | 37 | |
| Build / train | 64 | |
| Enter build submenu | 26 | |
| Enter hero's abilities submenu | 6 | |
| Give item / drop item | 1 | |
| Right click | 825 | |
| Select / deselect | 239 | |
| Select group hotkey | 128 | |
| Use ability | 87 | |
1413 total
» units
| Acolyte | 6 | |
| Ghoul | 4 | |
| Crypt Fiend | 12 | |
| Centaur Outrunner | 1 | |
| Obsidian Statue | 2 | |
| Meatwagon | 1 | |
| Frost Wyrm | 3 | |
29 total
» upgrades
| Creature Attack | 2 | |
| Creature Carapace | 2 | |
| Web | 1 | |
5 total
» buildings
| Crypt | 1 | |
| Graveyard | 1 | |
| Ziggurat | 13 | |
| Altar of Darkness | 1 | |
| Tomb of Relics | 1 | |
| Nerubian Tower | 1 | |
| Halls of the Dead | 1 | |
| Spirit Tower | 6 | |
| Black Citadel | 1 | |
| Slaughterhouse | 1 | |
| Sacrificial Pit | 1 | |
| Boneyard | 1 | |
| Necropolis | 2 | |
31 total
» build order
00:12 Crypt
00:17 Graveyard
00:30 Ziggurat
00:50 Altar of Darkness
01:07 Ziggurat
01:32 Tomb of Relics
01:45 Nerubian Tower
03:17 Ziggurat
04:28 Halls of the Dead
06:53 Ziggurat
10:21 Spirit Tower
10:45 Black Citadel
10:52 Slaughterhouse
10:59 Ziggurat
12:20 Sacrificial Pit
12:30 Ziggurat
14:16 Spirit Tower
14:18 Spirit Tower
14:29 Boneyard
14:41 Ziggurat
17:21 Spirit Tower
20:41 Necropolis
22:29 Necropolis
22:48 Ziggurat
22:51 Ziggurat
24:07 Spirit Tower
24:10 Ziggurat
24:16 Ziggurat
24:46 Ziggurat
25:29 Spirit Tower
25:33 Ziggurat
» items
| Rod of Necromancy | 1 | |
| Dust of Appearance | 4 | |
| Scroll of Town Portal | 1 | |
| Potion of Healing | 4 | |
| Potion of Mana | 1 | |
| Orb of Corruption | 1 | |
12 total
oilrule83 (
purple | 27 APM | 718 actions | 27:01)
3 Blademaster
2 Wind Walk
1 Critical Strike
» actions
| Basic commands | 42 | |
| Build / train | 54 | |
| Enter build submenu | 28 | |
| Enter hero's abilities submenu | 3 | |
| Remove unit from queue | 1 | |
| Right click | 290 | |
| Select / deselect | 260 | |
| Use ability | 40 | |
718 total
» units
| Peon | 7 | |
| Grunt | 15 | |
| Demolisher | 2 | |
| Tauren | 2 | |
| Shaman | 7 | |
| Troll Headhunter/Berserker | 7 | |
40 total
» upgrades
| Armor | 1 | |
| Spiked Barricades | 1 | |
| Shaman Training | 2 | |
| Berserker Upgrade | 1 | |
5 total
» buildings
| Altar of Storms | 1 | |
| Orc Burrow | 8 | |
| Barracks | 1 | |
| Voodoo Lounge | 1 | |
| War Mill | 1 | |
| Stronghold | 1 | |
| Watch Tower | 10 | |
| Fortress | 1 | |
| Spirit Lodge | 1 | |
| Tauren Totem | 3 | |
| Great Hall | 2 | |
30 total
» build order
00:10 Altar of Storms
00:15 Orc Burrow
00:36 Barracks
01:47 Orc Burrow
02:09 Voodoo Lounge
03:34 Orc Burrow
05:06 War Mill
06:22 Stronghold
07:44 Orc Burrow
09:04 Watch Tower
09:10 Watch Tower
10:20 Fortress
10:25 Spirit Lodge
10:31 Watch Tower
11:46 Watch Tower
12:59 Tauren Totem
13:01 Tauren Totem
13:17 Tauren Totem
13:27 Watch Tower
13:38 Orc Burrow
14:41 Orc Burrow
20:50 Watch Tower
20:55 Watch Tower
21:31 Great Hall
21:48 Great Hall
22:02 Watch Tower
23:02 Watch Tower
24:46 Watch Tower
25:17 Orc Burrow
25:21 Orc Burrow
» items
| Healing Salve | 1 | |
| Scroll of Town Portal | 1 | |
2 total
Puseh (
green | 55 APM | 1379 actions | 25:02)
3 Keeper of the Grove
2 Entangling Roots
1 Thorns Aura
1 Priestess of the Moon
1 Trueshot Aura
» actions
| Basic commands | 91 | |
| Build / train | 48 | |
| Enter build submenu | 22 | |
| Enter hero's abilities submenu | 4 | |
| Right click | 705 | |
| Select / deselect | 449 | |
| Use ability | 60 | |
1379 total
» units
| Wisp | 26 | |
| Huntress | 6 | |
| Glaive Thrower | 5 | |
37 total
» buildings
| Altar of Elders | 1 | |
| Moon Well | 7 | |
| Hunter's Hall | 1 | |
| Ancient of War | 2 | |
| Tree of Ages | 2 | |
| Tree of Life | 9 | |
22 total
» build order
00:15 Altar of Elders
00:27 Moon Well
01:12 Hunter's Hall
01:48 Ancient of War
02:06 Ancient of War
02:26 Moon Well
02:50 Moon Well
06:44 Moon Well
07:21 Tree of Ages
08:34 Moon Well
09:34 Tree of Life
15:10 Tree of Life
15:19 Tree of Ages
16:14 Moon Well
17:11 Tree of Life
17:37 Tree of Life
17:41 Tree of Life
18:36 Tree of Life
18:55 Tree of Life
19:11 Tree of Life
22:48 Moon Well
23:49 Tree of Life
Chat log
(04:15 / All) Puseh: sup
(04:21 / All) Cuanto_Cuesta: stfu///lucker
(04:29 / All) Puseh: cut off skills = luck
(04:43 / All) Cuanto_Cuesta: LOl level 2 off wisp thxs says Red Blade
(04:49 / All) iNT]DOGANDHORSE: it's true !
(15:21 / All) iNT]DOGANDHORSE: lol
(15:24 / All) Puseh: lol
(15:26 / All) iNT]DOGANDHORSE: gg
(15:29 / All) Puseh: nah
(15:39 / All) reptillions: gg boys
(15:41 / All) reptillions: nice try
(15:43 / All) Cuanto_Cuesta: cya
(15:49 / All) reptillions: play better next time though
(18:05 / All) iNT]DOGANDHORSE: LOL
(21:10 / All) reptillions: hey everyone!
(22:36 / All) iNT]DOGANDHORSE: lol.. . . . . .. ... . . . . . ..
(25:09 / All) reptillions: :(
(25:10 / All) iNT]DOGANDHORSE: what did i saw
(25:11 / All) iNT]DOGANDHORSE: say
(25:12 / All) iNT]DOGANDHORSE: gg
(25:13 / All) iNT]DOGANDHORSE: ?
(26:46 / All) iNT]DOGANDHORSE: lol!